 Seeded DCSS version 0.29-a0-375-g5102b3be25 (webtiles) character file.

Game seed: 12277325093202877910 (custom seed)

452 zeratav the Changer (level 7, 0/64 HPs)
             Began as an Octopode Transmuter on May 3, 2022.
             Was an Initiate of Ashenzari.
             Succumbed to a gnoll's poison
             ... on level 4 of the Dungeon.
             The game lasted 00:04:22 (3794 turns).

zeratav the Changer (Octopode Transmuter)           Turns: 3794, Time: 00:04:22

Health: 0/64       AC: 27    Str: 10    XL:     7   Next: 5%
Magic:  8/10       EV:  2    Int: 17    God:    Ashenzari [......]
Gold:   220        SH:  0    Dex: 12    Spells: 6/10 levels left

rFire   . . .      SeeInvis .     - Unarmed
rCold   . . .      Faith    .   (no shield)
rNeg    . . .      Spirit   .   (helmet currently unavailable)
rPois   +          Reflect  .   (no amulet)
rElec   .          Harm     .   b - +4 ring of protection
rCorr   .          Rampage  .   r - ring of poison resistance
Will    .....      NoTele   +   (no ring)
Stlth   +.........              (no ring)
HPRegen 0.20/turn               (no ring)
MPRegen 0.12/turn               (no ring)
                                (no ring)
                                (no ring)

@: lethally poisoned (0 -> -25), tree-form
A: stationary, stasis, torment immunity, boosted hp, almost no armour,
(amphibious), 8 rings, (camouflage 1), (gelatinous body 1), (nimble swimmer 1),
(tentacles)
a: Renounce Religion


You were on level 4 of the Dungeon.
You worshipped Ashenzari.
Ashenzari was noncommittal.
You were a tree.
You visited 2 branches of the dungeon, and saw 5 of its levels.

You collected 220 gold pieces.


Innate Abilities, Weirdness & Mutations

You are a tree.
Your roots penetrate the ground, keeping you stationary.
You cannot be teleported.
You are immune to unholy pain and torment.
Your maximum health is greatly increased.
You cannot wear most types of armour.
((You are amphibious.))
You can wear up to eight rings at the same time.
((Your skin changes colour to match your surroundings (Stealth+).))
((Your rubbery body absorbs attacks. (AC +1, EV +1)))
((You are camouflaged when in or above water. (Stealth+)))
((You have tentacles for arms and can constrict up to eight enemies at once.))


   Skills:
 - Level 1.0 Fighting
 - Level 2.0 Dodging
 - Level 3.0 Unarmed Combat
 - Level 2.0 Spellcasting
 + Level 7.4 Transmutations


You had 6 spell levels left.
You knew the following spells:

 Your Spells              Type           Power      Damage    Failure   Level
a - Spider Form           Tmut/Pois      14%        N/A       13%         3
b - Beastly Appendage     Tmut           52%        N/A       1%          1

Your spell library contained the following spells:

 Spells                   Type           Power      Damage    Failure   Level
 Wereblood                Tmut           26%        N/A       1%          2
 Pain                     Necr           4%         1d4       19%         1
 Ice Form                 Ice/Tmut       14%        N/A       38%         4
 Agony                    Necr           1%         N/A       99%         5
 Excruciating Wounds      Necr           0%         N/A       99%         5

Inventory:

Armour
 h - the +0 hat of Catatonia (melded) {rPois Int+4}
   (You acquired it on level 2 of the Dungeon)

   Int:       It affects your intelligence (+4).
   rPois:     It protects you from poison.
Jewellery
 b - a +4 ring of protection (left branch)
   (You took it off a hobgoblin on level 1 of the Dungeon)
 r - a ring of poison resistance (right branch)
   (You found it on level 3 of the Dungeon)
Wands
 m - a wand of iceblast (8)
   (You found it on level 2 of the Dungeon)
Scrolls
 c - 2 scrolls of poison {unknown}
 e - a scroll of teleportation {unknown}
 f - 8 scrolls of identify {unknown}
 i - a scroll of noise {unknown}
 j - a scroll of brand weapon {unknown}
 n - a scroll of fog {unknown}
 o - a scroll of amnesia {unknown}
 s - a scroll of vulnerability {unknown}
 t - 2 scrolls of fear {unknown}
Potions
 d - 2 potions of flight {unknown}
 g - 2 potions of attraction {unknown}
 k - a potion of might {unknown}
 l - 2 potions of heal wounds {unknown}
 p - a potion of resistance {unknown}
 q - a potion of mutation {unknown}
 u - a potion of curing {unknown}

Dungeon Overview and Level Annotations

Branches:
Dungeon (4/15)             Temple (1/1) D:4

Altars:
Ashenzari
Dithmenos
Elyvilon
Fedhas
Gozag
Kikubaaqudgha
Makhleb
Okawaru
Ru
Sif Muna
Trog
Uskayaw
Vehumet
Yredelemnul
The Shining One

#. ####.# .. .....
### #. ?..# ##.###
#. ...# ##.....
#.##)..#..# #......
#..)......# ##.....
#g.)...##.####.###.
# ##)##.###......#
#. #.##♣##.#
######.###.
#.......# ##.>..
####.#### ##...#.
#.#### ##.....#
#†##.## ##.......
#(#...####........
#........+........
#.#...####........
#.##.## ##.......


You could see a gnoll (fast).


Message History

You hit the gnoll but do no damage. The gnoll barely misses you.
The gnoll hits you but does no damage.
You hit the gnoll.
You kill the gnoll!
The gnoll shaman calls upon its god to speed up the gnoll.
The gnoll seems to speed up.
The gnoll closely misses you.
MP[+1]
The gnoll attacks as you move away! The gnoll barely misses you.
The gnoll attacks as you move away! The gnoll hits you with a +0 spear.
The gnoll barely misses you. The gnoll hits you but does no damage.
You are poisoned.
HP[-6]
You take 6 damage, and now have 31/38 hp.
You feel very sick.
The gnoll throws a throwing net.
The throwing net completely misses you.
HP[-3]
You take 3 damage, and now have 28/38 hp.
You hit the gnoll.
The gnoll is poisoned.
You feel sick. The gnoll completely misses you.
HP[-1]
You take 1 damage, and now have 27/38 hp.
You hit the gnoll but do no damage.
The gnoll looks as sick as possible!
You feel sick. The gnoll hits you but does no damage.
HP[-2]
You take 2 damage, and now have 25/38 hp.
You hit the gnoll.
The gnoll looks as sick as possible!
You feel sick.
You hit the gnoll shaman.
The gnoll shaman is poisoned.
Your transformation is almost over.
You feel sick.
HP[-1]
You take 1 damage, and now have 24/38 hp.
You hit the gnoll shaman.
The gnoll shaman looks as sick as possible!
You feel sick. The gnoll shaman closely misses you.
The gnoll completely misses you.
HP[-1]
You take 1 damage, and now have 23/38 hp.
You hit the gnoll shaman.
The gnoll shaman looks as sick as possible!
You feel sick.
You kill the gnoll!
HP[-1] MP[+1]
You take 1 damage, and now have 22/38 hp.
You hit the gnoll shaman.
The gnoll shaman looks as sick as possible!
You feel sick.
You are no longer poisoned.
The gnoll shaman calls upon its god to speed up the gnoll.
The gnoll seems to speed up.
The gnoll hits you from afar with a +0 spear.
* * * LOW HITPOINT WARNING * * *
HP[-4]
You take 4 damage, and now have 18/38 hp.
You hit the gnoll shaman but do no damage.
The gnoll shaman looks as sick as possible!
You kill the gnoll shaman!
The gnoll hits you but does no damage. The gnoll misses you. x2
You have reached level 7!
HP[+3]
You now have 43 max hp (+5).
You regained 3 hp, and now have 21/43 hp.
You hit the gnoll but do no damage.
The gnoll is poisoned.
The gnoll barely misses you. x2
You hit the gnoll.
The gnoll hits you from afar with a +0 spear.
* * * LOW HITPOINT WARNING * * *
The gnoll hits you with a +2 flail of venom.
* * * LOW HITPOINT WARNING * * *
You are poisoned.
The gnoll barely misses you. The gnoll misses you.
HP[-4]
You take 4 damage, and now have 17/43 hp.
You hit the gnoll.
You feel sick. The gnoll barely misses you.
The gnoll hits you with a +2 flail of venom.
* * * LOW HITPOINT WARNING * * *
You are lethally poisoned!
HP[-7]
You take 7 damage, and now have 10/43 hp.
Really quaff the potion of lignification?
Your transformation has ended.
The +0 hat of Catatonia {rPois Int+4} unmelds from your body.
You turn into a tree.
The +0 hat of Catatonia {rPois Int+4} melds into your body.
Your roots penetrate the ground.
* * * LOW HITPOINT WARNING * * *
You feel very sick.
The gnoll hits you from afar with a +0 spear.
* * * LOW HITPOINT WARNING * * *
The gnoll hits you but does no damage.
You are more poisoned.
The gnoll hits you but does no damage.
The gnoll hits you with a +2 flail of venom.
* * * LOW HITPOINT WARNING * * *
You are more poisoned.
HP[-5]
You now have 64 max hp (+21).
You smack the gnoll!
You kill the gnoll!
You die...

Skill      XL: |  1  2  3  4  5  6 |
---------------+-------------------+-----
Transmutations | 3 4 5 6 7 |  7.4
Fighting       | |  1.0
Dodging        | |  2.0
Unarmed Combat | |  3.0
Spellcasting   | |  2.0

Action                   |  1- 3 |  4- 6 |  7- 9 || total
-------------------------+-------+-------+-------++-------
Melee: Unarmed           |    67 |    98 |     4 ||   169
       Constrict         |    18 |     9 |       ||    27
       Kick              |    16 |     9 |       ||    25
       Tentacles         |    11 |    10 |       ||    21
       Punch             |     1 |     1 |       ||     2
 Cast: Beastly Appendage |    16 |     9 |       ||    25
       Spider Form       |       |     8 |       ||     8
  Use: Scroll            |     1 |       |       ||     1
       Potion            |       |       |     1 ||     1
 Stab: Sleeping          |     7 |     6 |       ||    13
Armor: Skin              |    14 |    19 |     2 ||    35
Dodge: Dodged            |    47 |    73 |     5 ||   125

Levels and vault maps discovered:
D:1:      tarquinn_simple_flora_water_e, layout_basic, basic_ecumenical_altar,
          nicolae_concentric_dashed_squares_wild
D:2:      layout_basic
D:3:      layout_loops_ring
D:4:      layout_loops_corners, minmay_temple_entry_sparse_star
Temple:   dpeg_three_leaves_temple

Notes
Turn   | Place    | Note
-------+----------+-------------------------------------------
     0 | D:1      | zeratav the Octopode Transmuter began the quest for the
                  | Orb.
     0 | D:1      | Reached XP level 1. HP: 13/13 MP: 3/3
     0 | D:1      | magus.rc [v1.9.6]
   104 | D:1      | HP: 2/13 [jackal (2)]
   107 | D:1      | Reached XP level 2. HP: 3/18 MP: 3/5
   153 | D:1      | HP: 3/18 [hobgoblin (2)]
   156 | D:1      | HP: 1/18 [hobgoblin (3)]
   534 | D:1      | Reached skill level 3 in Transmutations
   543 | D:1      | Reached XP level 3. HP: 20/23 MP: 6/6
  1131 | D:1      | Found a faded altar of an unknown god.
  1910 | D:2      | Reached skill level 4 in Transmutations
  1931 | D:2      | Identified a scroll of acquirement
  1931 | D:2      | Acquired the +0 hat of Catatonia {rPois Int+4}
  1976 | D:3      | Reached XP level 4. HP: 28/28 MP: 5/7
  1980 | D:3      | Learned a level 3 spell: Spider Form
  2220 | D:3      | Noticed a bullfrog
  2233 | D:3      | Killed a bullfrog
  2234 | D:3      | Reached skill level 5 in Transmutations
  2234 | D:3      | Reached XP level 5. HP: 28/33 MP: 4/8
  2934 | D:4      | Found a staircase to the Ecumenical Temple.
  2948 | Temple   | Entered the Ecumenical Temple
  2967 | Temple   | Became a worshipper of Ashenzari the Shackled
  3027 | D:4      | Reached skill level 6 in Transmutations
  3027 | D:4      | Reached XP level 6. HP: 38/38 MP: 5/9
  3156 | D:4      | You pick up a book of Pain and begin reading...
  3156 | D:4      | You add the spells Pain, Agony and Excruciating Wounds to
                  | your library.
  3372 | D:4      | Noticed a black bear
  3385 | D:4      | HP: 9/38 [black bear (1)]
  3386 | D:4      | Killed a black bear
  3387 | D:4      | Reached skill level 7 in Transmutations
  3790 | D:4      | Reached XP level 7. HP: 21/43 MP: 8/10
  3792 | D:4      | HP: 10/43 [gnoll/+2 flail of venom[a gnoll shaman] (5)]
  3794 | D:4      | Succumbed to a gnoll's poison

Vanquished Creatures
  A black bear (D:4)
  A phantom (D:4)
  A scorpion (D:4)
  A bullfrog (D:3)
  A gnoll shaman (D:4)
  An iguana (D:4)
  4 gnolls
  2 adders (D:3)
  3 dart slugs
  An orc (D:4)
  6 bats
  8 endoplasms
  4 giant cockroaches
  3 hobgoblins
  6 jackals
  3 ball pythons
  4 frilled lizards
  5 goblins
  7 kobolds
  5 rats
67 creatures vanquished.

Table legend:
 A = Non-vault XP
 B = Vault XP
 C = Vault XP percentage of total XP
 D = Non-vault monster count
 E = Vault monster count
 F = Vault count percentage of total count
                 A         B        C        D         E       F
            +---------+---------+-------+---------+---------+-------
      Total |     661 |       0 |   0.0 |      67 |       0 |   0.0
            +---------+---------+-------+---------+---------+-------
        D:1 |      54 |       0 |   0.0 |      25 |       0 |   0.0
        D:2 |      16 |       0 |   0.0 |       7 |       0 |   0.0
        D:3 |     131 |       0 |   0.0 |      16 |       0 |   0.0
        D:4 |     460 |       0 |   0.0 |      19 |       0 |   0.0
            +---------+---------+-------+---------+---------+-------

Illustrated notes

Table legend:
 A = Kills in this place as a percentage of kills in entire the game.
 B = Kills by you in this place as a percentage of kills by you in the entire game.
 C = Kills by friends in this place as a percentage of kills by friends in the entire game.
 D = Other kills in this place as a percentage of other kills in the entire game.
 E = Experience gained in this place as a percentage of experience gained in the entire game.
 F = Experience gained in this place divided by the number of levels of this place that you have seen.
                   A       B       C       D       E      F
               +-------+-------+-------+-------+-------+----------------------
         Total | 100.0 | 100.0 |   N/A |   N/A | 100.0 | 132.2
       Dungeon | 100.0 | 100.0 |   N/A |   N/A | 100.0 | 165.2
               +-------+-------+-------+-------+-------+----------------------

Table legend: (Time is in decaauts)
 A = Elapsed time spent in this place.
 B = Non-inter-level travel time spent in this place.
 C = Inter-level travel time spent in this place.
 D = Time resting spent in this place.
 E = Time spent auto-exploring this place.
 F = Levels seen in this place.
 G = Mean time per level.
                   A        B        C        D        E       F      G
               +--------+--------+--------+--------+--------+-----+--------+
         Total |   3782 |   3696 |     86 |    575 |   2614 |   5 |  756.4 |
       Dungeon |   3759 |   3679 |     80 |    575 |   2602 |   4 |  939.8 |
        Temple |     22 |     16 |      6 |      0 |     12 |   1 |   22.0 |
               +--------+--------+--------+--------+--------+-----+--------+

Top non-repeatable levels by time:
     D:1: 1363 daAuts
     D:4: 1037 daAuts
     D:3: 757 daAuts
     D:2: 601 daAuts
  Temple: 22 daAuts
